 Dungeon Crawl Stone Soup version 0.31-a0-193-gdfe2569204 (webtiles) character file.

Game seed: 8229236395144033130

199 qw the Skirmisher (level 5, 0/29 HPs)
             Began as a Deep Elf Hunter on June 23, 2023.
             Slain by an iguana (7 damage)
             ... on level 4 of the Dungeon.
             The game lasted 00:01:06 (2781 turns).

qw the Skirmisher (Deep Elf Hunter)                 Turns: 2781, Time: 00:01:06

Health: 0/29       AC:  8    Str: 10    XL:     5   Next: 48%
Magic:  7/7        EV: 11    Int: 14    God:
Gold:   204        SH:  0    Dex: 18    Spells: 4/4 levels left

rFire   . . .        Y - +0 shortbow
rCold   . . .        (shield currently unavailable)
rNeg    . . .        g - +0 ring mail
rPois   .            f - +0 helmet
rElec   .            (no cloak)
rCorr   .            a - +0 pair of gloves
SInv    +            c - +0 pair of boots
Will    .....        i - amulet of faith
Stlth   +            m - ring of see invisible
HPRegen 0.24/turn    (no ring)
MPRegen 0.10/turn

%: faith
@: no status effects
A: no striking features
a: no special abilities


You were on level 4 of the Dungeon.
You visited 1 branch of the dungeon, and saw 5 of its levels.

You collected 204 gold pieces.


   Skills:
 - Level 1.5 Fighting
 - Level 9.0 Ranged Weapons
 + Level 0.0 Armour
 - Level 2.4 Dodging
 - Level 1.2 Stealth


You had 4 spell levels left.
You didn't know any spells.
Your spell library was empty.

Inventory:

Hand Weapons
 Y - a +0 shortbow (weapon)
Armour
 a - a +0 pair of gloves (worn)
 c - a +0 pair of boots (worn)
 f - a +0 helmet (worn)
 g - a +0 ring mail (worn)
Jewellery
 e - an amulet of reflection
 i - an amulet of faith (around neck)
 m - a ring of see invisible (left hand)
Scrolls
 j - a scroll of identify
Potions
 b - 4 potions of curing
 d - a potion of might

Dungeon Overview and Level Annotations

Branches:
Dungeon (5/15)
 Temple: D:4-7

Altars:
Kikubaaqudgha
Xom

Shops:
D:1 :

Annotations:
D:3 1 transporter, qw's ghost, amateur DEHu


Message History

The arrow hits the iguana but does no damage.
You shoot an arrow. The arrow hits the iguana!
The iguana is heavily wounded.
You shoot an arrow. The arrow hits the iguana.
The iguana is severely wounded.
The iguana barely misses you. The ufetubus barely misses you.
The ufetubus hits you but does no damage.
You shoot an arrow.
The arrow hits the iguana but does no damage.
The iguana is heavily wounded.
The iguana barely misses you.
The ufetubus hits you but does no damage. x2
You shoot an arrow. The arrow completely misses the iguana.
The ufetubus barely misses you. The ufetubus hits you. The orc misses you.
The iguana bites you but does no damage.
The ufetubus barely misses you. x2; The iguana bites you!
The orc closely misses you.
2778 ||| STAIRDANCE The ufetubus closely misses you.
The ufetubus hits you.
The iguana bites you but does no damage.
The ufetubus closely misses you. x2; The orc misses you.
You climb upwards.
There is a stone staircase leading down here.
Enter note:
Enter note:
Enter note:
Enter note:
Enter note:
Enter note:
Enter note:
Enter note:
Enter note: You shoot an arrow.
The arrow hits the iguana.
The iguana is severely wounded.
The ufetubus hits you.
The ufetubus hits you but does no damage.
The iguana bites you!
You shoot an arrow. The arrow barely misses the iguana.
The ufetubus barely misses you. x2; The iguana bites you!
You die...

#.#######..# ##.#
#.# #..# ##... #.#
#..###.... #.#
#..##..... #.#
#......... #.#
#..##..... #.#
###..###.... #l#
#....# ##... #@#
#.#.## ##.# #5#
#.#.## ##### #o#
#..#.###...#
#.#####.###.#.....
#......## ##......
#######.###.......
#..#........
#.#.#.......
#.####......


You could see an iguana, an orc and an ufetubus.

Vanquished Creatures
  A hound (D:4)
  4 gnolls
  6 adders
  A shadow imp (D:4)
  2 worms (D:2)
  2 dart slugs
  An orc (D:4)
  7 ball pythons
  7 endoplasms
  3 giant cockroaches
  5 goblins
  2 hobgoblins
  7 kobolds
  4 quokkas
  2 bats (D:1)
  2 frilled lizards
  5 rats
61 creatures vanquished.

Notes
Turn   | Place    | Note
-------+----------+-------------------------------------------
     0 | D:1      | qw the Deep Elf Hunter began the quest for the Orb.
     0 | D:1      | Reached XP level 1. HP: 12/12 MP: 3/3
     0 | D:1      | 0 ||| qw: Version: 0.3-a-9-g12657ce
     0 | D:1      | 0 ||| qw: Game counter: 4627
     0 | D:1      | 0 ||| qw: Always use a shield: true
     0 | D:1      | 0 ||| qw: God list: Okawaru
     0 | D:1      | 0 ||| qw: Allow faded altars: false
     0 | D:1      | 0 ||| qw: Do Orc after D:15 true
     0 | D:1      | 0 ||| qw: Do second Lair branch before Depths: true
     0 | D:1      | 0 ||| qw: Lair rune preference: random
     0 | D:1      | 0 ||| qw: Plans: Normal
     0 | D:1      | 0 ||| PLANNING D:1-11
    79 | D:1      | Found Weum's Book Shoppe.
   114 | D:1      | Reached skill level 6 in Ranged Weapons
   114 | D:1      | Reached XP level 2. HP: 16/16 MP: 4/4
   499 | D:1      | HP: 4/16 [quokka (3)]
   749 | D:1      | 749 ||| UPGRADING to +0 ring mail.
   759 | D:1      | 759 ||| DROPPING +0 leather armour.
   760 | D:1      | 760 ||| UPGRADING to amulet of reflection.
   765 | D:1      | 765 ||| UPGRADING to amulet of faith.
   775 | D:1      | 775 ||| READING scroll labelled EGIYSHR IFAIRUBOLU.
   776 | D:1      | 776 ||| DROPPING scroll of butterflies.
   810 | D:2      | Found a faded altar of an unknown god.
   850 | D:2      | Reached XP level 3. HP: 20/20 MP: 5/5
   908 | D:2      | Reached skill level 7 in Ranged Weapons
  1046 | D:2      | Reached XP level 4. HP: 25/25 MP: 6/6
  1136 | D:2      | Found a shimmering altar of Xom.
  1160 | D:2      | HP: 6/25 [gnoll/+0 whip (6)]
  1263 | D:2      | Reached skill level 8 in Ranged Weapons
  1386 | D:2      | 1386 ||| UPGRADING to +0 pair of boots.
  1391 | D:2      | 1391 ||| UPGRADING to +0 helmet.
  1396 | D:2      | 1396 ||| READING scroll labelled JAFFUR ZAVIOPI.
  1397 | D:2      | 1397 ||| READING scroll labelled LEAHEH LOLLOQ.
  1584 | D:3      | Found a transporter.
  1587 | D:3      | Noticed an ogre
  1587 | D:3      | Noticed an ogre
  1587 | D:3      | Noticed qw's ghost (amateur DEHu)
  1587 | D:3      | Noticed an ogre
  2075 | D:3      | 2075 ||| DROPPING +6 ring of intelligence.
  2076 | D:3      | 2076 ||| UPGRADING to ring of see invisible.
  2077 | D:3      | 2077 ||| READING scroll labelled ITY OCIUREASCH.
  2080 | D:3      | 2080 ||| DRINKING 5 coppery potions.
  2081 | D:3      | 2081 ||| READING 2 scrolls of identify.
  2081 | D:3      | 2081 ||| IDENTIFYING blue potion
  2082 | D:3      | 2082 ||| DROPPING potion of brilliance.
  2119 | D:4      | Reached XP level 5. HP: 29/29 MP: 7/7
  2177 | D:4      | Found an ancient bone altar of Kikubaaqudgha.
  2621 | D:4      | Reached skill level 9 in Ranged Weapons
  2719 | D:4      | 2719 ||| UPGRADING to +0 pair of gloves.
  2724 | D:4      | 2724 ||| READING scroll labelled VAOZXA RABAR.
  2725 | D:4      | 2725 ||| DRINKING 2 lumpy dark potions.
  2726 | D:4      | 2726 ||| READING 3 scrolls of identify.
  2726 | D:4      | 2726 ||| IDENTIFYING sedimented blue potion
  2727 | D:4      | 2727 ||| READING 2 scrolls of identify.
  2727 | D:4      | 2727 ||| IDENTIFYING orange potion
  2728 | D:4      | 2728 ||| DROPPING potion of berserk rage.
  2729 | D:4      | 2729 ||| DROPPING potion of invisibility.
  2769 | D:5      | Entered Level 5 of the Dungeon
  2778 | D:5      | 2778 ||| STAIRDANCE
  2780 | D:4      | HP: 7/29 [iguana (9)]
  2781 | D:4      | Slain by an iguana

Levels and vault maps discovered:
D:1:      minmay_arrival_three_doors, layout_basic, serial_shops,
          nicolae_shop_peninsula
D:2:      layout_rooms, basic_altar, ebering_ecumenical_altar_webs,
          minmay_misc_feat_more_columns
D:3:      layout_loops_ring, gammafunk_ghost_smash, columned_hall_lemuel,
          hex_medium, hangedman_decor_push
D:4:      layout_loops_ring, mainiacjoe_overflow_concentric_impassable
D:5:      layout_loops_ring, mainiacjoe_overflow_alcove_3, uniq_duvessa

Skill      XL: |  1  2  3  4  5 |
---------------+----------------+-----
Ranged Weapons | 6 7 8 9 |  9.0
Fighting       | |  1.5
Dodging        | |  2.4
Stealth        | |  1.2

Action                     |  1- 3 |  4- 6 || total
---------------------------+-------+-------++-------
   Fire: Shortbow          |    96 |   145 ||   241
    Use: Scroll            |     1 |     7 ||     8
         Potion            |       |     2 ||     2
 Armour: Leather armour    |     5 |       ||     5
         Ring mail         |     3 |    24 ||    27
  Dodge: Dodged            |    18 |    43 ||    61

Table legend:
 A = Non-vault XP
 B = Vault XP
 C = Vault XP percentage of total XP
 D = Non-vault monster count
 E = Vault monster count
 F = Vault count percentage of total count
                 A         B        C        D         E       F
            +---------+---------+-------+---------+---------+-------
      Total |     285 |       0 |   0.0 |      61 |       0 |   0.0
            +---------+---------+-------+---------+---------+-------
        D:1 |      37 |       0 |   0.0 |      15 |       0 |   0.0
        D:2 |     115 |       0 |   0.0 |      21 |       0 |   0.0
        D:3 |      23 |       0 |   0.0 |      12 |       0 |   0.0
        D:4 |     110 |       0 |   0.0 |      13 |       0 |   0.0
            +---------+---------+-------+---------+---------+-------
